 Dungeon Crawl Stone Soup version 0.23-a0-644-gb60d84b (webtiles) character file.

5 Amnesiac the Ducker (level 1, -3/11 HPs)
             Began as a Spriggan Berserker on Jan 1, 2019.
             Was a Follower of Trog.
             Slain by an ooze (5 damage)
             ... on level 1 of the Dungeon.
             The game lasted 00:00:42 (266 turns).

Amnesiac the Ducker (Spriggan Berserker)             Turns: 266, Time: 00:00:43

Health: -3/11      AC:  2    Str: 13    XL:     1   Next: 66%
Magic:  2/2        EV: 19    Int:  8    God:    Trog [*.....]
Gold:   21         SH:  0    Dex: 15    Spells: 0/0 levels left

rFire    . . .     SeeInvis +   a - +0 falchion
rCold    . . .     Gourm    .   (shield restricted)
rNeg     . . .     Faith    .   b - +0 animal skin
rPois    .         Spirit   .   (helmet restricted)
rElec    .         Reflect  .   (no cloak)
rCorr    .         Harm     .   (gloves unavailable)
MR       .....                  (boots unavailable)
Stlth    +.........             (no amulet)
HPRegen  0.03/turn              (no ring)
MPRegen  0.08/turn              (no ring)

@: very quick
A: very small, unfitting armour, see invisible, herbivore, speed 3, slow
metabolism 2
a: Berserk, Renounce Religion


You were on level 1 of the Dungeon.
You worshipped Trog.
Trog was aware of your devotion.
You were not hungry.

You visited 1 branch of the dungeon, and saw 1 of its levels.

You collected 21 gold pieces.

Inventory:

Hand Weapons
 a - a +0 falchion (weapon)
Armour
 b - a +0 animal skin (worn)
Scrolls
 g - a scroll of enchant armour {!r, unknown}
 h - 2 scrolls of identify {!r, unknown}
Potions
 d - a potion of haste {!q, unknown}
 e - a potion of heal wounds {!q, unknown}
 f - a potion of curing {!q, unknown}
Comestibles
 c - 4 rations


   Skills:
 + Level 2.5 Fighting
 * Level 2.6 Long Blades
 + Level 4.5 Dodging


You couldn't memorise any spells.
You didn't know any spells.
Your spell library was empty.

Dungeon Overview and Level Annotations

Branches:
Dungeon (1/15)

Altars:


Innate Abilities, Weirdness & Mutations

You are very small and have problems with some larger weapons.
You are too small for most types of armour.
You have supernaturally acute eyesight. (SInv)
You are a herbivore.
You cover ground extremely quickly.
You need to consume almost no food.


Message History

You are too injured to fight recklessly!
You are too injured to fight recklessly!
You are too injured to fight recklessly!
You are too injured to fight recklessly!
You are too injured to fight recklessly!
You are too injured to fight recklessly!
You are too injured to fight recklessly!
You are too injured to fight recklessly!
You are too injured to fight recklessly!
You are too injured to fight recklessly!
You are too injured to fight recklessly!
You are too injured to fight recklessly!
A bat is nearby!
You are too injured to fight recklessly!
You closely miss the bat. The bat barely misses you. The bat misses you.
The bat hits you but does no damage.
You barely miss the bat. The bat misses you.
You riposte.
You closely miss the bat. You closely miss the bat.
The bat completely misses you.
You hit the bat but do no damage. The bat completely misses you.
You miss the bat. The bat closely misses you.
You miss the bat. The bat closely misses you.
You closely miss the bat. The bat hits you.
* * * LOW HITPOINT WARNING * * *
You slash the bat!
You kill the bat!
Trog accepts your kill.
g - a scroll labeled MIGIBLEMIOCH {!r} You now have 21 gold pieces (gained 6).
h - 2 scrolls labeled KAYCOZ GOAM {!r} An ooze comes into view.
An ooze is nearby!
The ooze quivers.
A kobold comes into view.
The ooze hits you.
* * * LOW HITPOINT WARNING * * *
You are too injured to fight recklessly!
You are too injured to fight recklessly!
You are too injured to fight recklessly!
You are too injured to fight recklessly!
You are too injured to fight recklessly!
You are too injured to fight recklessly!
You are too injured to fight recklessly!
You are too injured to fight recklessly!
You are too injured to fight recklessly!
You are too injured to fight recklessly!
You are too injured to fight recklessly!
You are too injured to fight recklessly!
You are too injured to fight recklessly!
You are too injured to fight recklessly!
You are too injured to fight recklessly!
You are too injured to fight recklessly!
You are too injured to fight recklessly!
You are too injured to fight recklessly!
You hit the ooze.
The ooze is lightly wounded.
The ooze completely misses you.
You hit the ooze but do no damage.
The ooze is lightly wounded.
The ooze misses you.
You hit the ooze.
The ooze is moderately wounded.
The ooze hits you.
You die...

#.######...##.# #.#####
.#######.###.####......
.....................##
.######..########.#..#
#..# #.#..## #..#
#.#..##
#..########.#..##
..######...........#..#.
.K....J@......######....
########.####.# #....
#.# # ##... #.# #.#. ..#
#.## ### #.## #.## #.##
#. #.##


You could see an ooze and a kobold (sleeping).

Vanquished Creatures
  A goblin (D:1)
  A hobgoblin (D:1)
  2 bats (D:1)
  A rat (D:1)
5 creatures vanquished.

Notes
Turn   | Place    | Note
-------+----------+-------------------------------------------
     0 | D:1      | Amnesiac the Spriggan Berserker began the quest for the
                  | Orb.
     0 | D:1      | Reached XP level 1. HP: 11/11 MP: 2/2
   266 | D:1      | Slain by an ooze

Vault maps used:
D:1:      minmay_arrival_solitary_statue

Action                   || total
-------------------------++-------
Melee: Falchion          ||    35
Armor: Animal skin       ||     3
Dodge: Dodged            ||    36
       Rpst.: Falchion   ||     7

Table legend:
 A = Non-vault XP
 B = Vault XP
 C = Vault XP percentage of total XP
 D = Non-vault monster count
 E = Vault monster count
 F = Vault count percentage of total count
                 A         B        C        D         E       F
            +---------+---------+-------+---------+---------+-------
      Total |       8 |       0 |   0.0 |       5 |       0 |   0.0
            +---------+---------+-------+---------+---------+-------
        D:1 |       8 |       0 |   0.0 |       5 |       0 |   0.0
            +---------+---------+-------+---------+---------+-------
